TOP OF THE 1ST |
Portland Privateers batting - Pitching for Detroit X-Wings : LHP Ernest Hutchinson
|
Pitching: LHP Ernest Hutchinson
|
|
Batting: RHB Dick Slagboom
|
0-0: Ball 1-0: Ball 2-0: Ball 3-0: Called Strike 3-1: Foul Ball, location: 2F 3-2: Base on Balls
|
Batting: LHB Yasuhiko Onodera
|
0-0: Ball 1-0: Ground out U3 (Groundball, 23) Dick Slagboom to second
|
Batting: SHB Jacob Knapp
|
0-0: Ball 1-0: Called Strike 1-1: Ball 2-1: Ball 3-1: Swinging Strike 3-2: Foul Ball, location: 2F 3-2: Base on Balls
|
Batting: RHB José Balina
|
0-0: Foul Ball, location: 2F 0-1: Foul Ball, location: 2F 0-2: Ball 1-2: Ball 2-2: Grounds into double play, 5-4-3 (Groundball, 56)
|
Top of the 1st over - 0 runs, 0 hits, 0 errors, 1 left on base; Portland 0 - Detroit 0 |
BOTTOM OF THE 1ST |
Detroit X-Wings batting - Pitching for Portland Privateers : LHP Pedro Santana
|
Pitching: LHP Pedro Santana
|
|
Batting: RHB José Pérez
|
0-0: SINGLE (Groundball, 6MD)
|
Batting: LHB Curt Walker
|
0-0: Called Strike 0-1: Ball 1-1: Ball 2-1: Foul Ball, location: 2F 2-2: Foul Ball, location: 2F 2-2: Hit by Pitch José Pérez to second
|
Pinch Runner at 1st Brian Price:
|
|
Batting: RHB Griswold Coleman
|
0-0: Swinging Strike 0-1: Ball 1-1: Ball 2-1: Grounds into double play, 6-4-3 (Groundball, 6) José Pérez to third
|
Batting: SHB Barrett Bowden
|
0-0: Called Strike 0-1: Foul Ball, location: 2F 0-2: Foul Ball, location: 2F 0-2: Ball 1-2: Ball 2-2: Ball 3-2: Base on Balls
|
Batting: LHB Juan Jose Pineda
|
0-0: Called Strike 0-1: Ball 1-1: Ball 2-1: Foul Ball, location: 2F 2-2: Foul Ball, location: 2F 2-2: Ball 3-2: Foul Ball, location: 2F 3-2: Fly out, F7 (Flyball, 7LS)
|
Bottom of the 1st over - 0 runs, 1 hit, 0 errors, 2 left on base; Portland 0 - Detroit 0 |
TOP OF THE 2ND |
Portland Privateers batting - Pitching for Detroit X-Wings : LHP Ernest Hutchinson
|
Now at 3B: Brian Price
|
|
Batting: LHB Dillon Beck
|
0-0: Ball 1-0: Fly out, F3 (Popup, 23F)
|
Batting: SHB Patrick Larson
|
0-0: Called Strike 0-1: Ball 1-1: DOUBLE (Line Drive, 7LM)
|
Batting: SHB Rodney Birling
|
0-0: Foul Ball, location: 2F 0-1: Swinging Strike 0-2: Strikes out swinging
|
Batting: LHB Jeff Dorney
|
0-0: Ball 1-0: Ball 2-0: Foul Ball, location: 2F 2-1: Called Strike 2-2: Ball 3-2: Strikes out looking
|
Top of the 2nd over - 0 runs, 1 hit, 0 errors, 1 left on base; Portland 0 - Detroit 0 |
BOTTOM OF THE 2ND |
Detroit X-Wings batting - Pitching for Portland Privateers : LHP Pedro Santana
|
Batting: RHB Raúl Flores
|
0-0: Ball 1-0: Ball 2-0: Called Strike 2-1: Ball 3-1: Foul Ball, location: 2F 3-2: Foul Ball, location: 2F 3-2: Base on Balls
|
Batting: SHB Felipe Detorres
|
0-0: Ball 1-0: Foul Ball, location: 2F 1-1: Swinging Strike 1-2: Ball 2-2: Ball 3-2: Base on Balls Raúl Flores to second
|
Batting: RHB Brad Ravenshaw
|
0-0: Fly out, F9 (Flyball, 89S)
|
Batting: RHB Daniel Riddle
|
0-0: Called Strike 0-1: Ball Wild Pitch! Raúl Flores to third Felipe Detorres to second 1-1: Foul Ball, location: 2F 1-2: Ball 2-2: Ground out 4-3 (Groundball, 4) Raúl Flores scores Felipe Detorres to third
|
Batting: RHB José Pérez
|
0-0: Called Strike 0-1: Foul Ball, location: 2F 0-2: Ball 1-2: Foul Ball, location: 2F 1-2: SINGLE (Groundball, 6MD) Felipe Detorres scores
|
Batting: SHB Brian Price
|
0-0: SINGLE (Flyball, 89S) José Pérez to second Runner from 2nd tries for 3rd, SAFE, no throw
|
Batting: RHB Griswold Coleman
|
0-0: Fly out, F8 (Flyball, 8RD)
|
Bottom of the 2nd over - 2 runs, 2 hits, 0 errors, 2 left on base; Portland 0 - Detroit 2 |
TOP OF THE 3RD |
Portland Privateers batting - Pitching for Detroit X-Wings : LHP Ernest Hutchinson
|
Batting: SHB Luis Manuel López
|
0-0: Foul Ball, location: 2F 0-1: Foul Ball, location: 2F 0-2: Ball 1-2: Foul Ball, location: 2F 1-2: Foul Ball, location: 2F 1-2: Ball 2-2: Ball 3-2: Strikes out swinging
|
Batting: RHB Dick Slagboom
|
0-0: Ball 1-0: Ball 2-0: Ball 3-0: Called Strike 3-1: Base on Balls
|
Batting: LHB Yasuhiko Onodera
|
0-0: Hit by Pitch Dick Slagboom to second
|
Batting: SHB Jacob Knapp
|
0-0: Ball 1-0: Ball 2-0: Ball 3-0: Base on Balls Dick Slagboom to third Yasuhiko Onodera to second
|
Batting: RHB José Balina
|
0-0: Ball 1-0: Ball 2-0: Ball 3-0: Base on Balls Dick Slagboom scores Yasuhiko Onodera to third Jacob Knapp to second
|
Batting: LHB Dillon Beck
|
0-0: Ball 1-0: Foul Ball, location: 2F 1-1: SINGLE (Flyball, 8RS) Yasuhiko Onodera scores Jacob Knapp to third José Balina to second Runner from 3rd tries for Home, SAFE, throw made home
|
Batting: SHB Patrick Larson
|
0-0: Fly out, F9 (Flyball, 9S)
|
Batting: SHB Rodney Birling
|
0-0: Foul Ball, location: 2F 0-1: Ball 1-1: Ball 2-1: Foul Ball, location: 2F 2-2: Strikes out swinging
|
Top of the 3rd over - 3 runs, 1 hit, 0 errors, 2 left on base; Portland 3 - Detroit 2 |
BOTTOM OF THE 3RD |
Detroit X-Wings batting - Pitching for Portland Privateers : LHP Pedro Santana
|
Batting: SHB Barrett Bowden
|
0-0: Ball 1-0: Ball 2-0: Swinging Strike 2-1: Ground out 6-3 (Groundball, 56D)
|
Batting: LHB Juan Jose Pineda
|
0-0: Ball 1-0: Ball 2-0: Foul Ball, location: 2F 2-1: Ball 3-1: Base on Balls
|
Batting: RHB Raúl Flores
|
0-0: Grounds into double play, 6-4-3 (Groundball, 6)
|
Bottom of the 3rd over - 0 runs, 0 hits, 0 errors, 0 left on base; Portland 3 - Detroit 2 |
TOP OF THE 4TH |
Portland Privateers batting - Pitching for Detroit X-Wings : LHP Ernest Hutchinson
|
Batting: LHB Jeff Dorney
|
0-0: Called Strike 0-1: Foul Ball, location: 2F 0-2: Strikes out swinging
|
Batting: SHB Luis Manuel López
|
0-0: Called Strike 0-1: Ball 1-1: Ball 2-1: SINGLE (Groundball, 3D)
|
Batting: RHB Dick Slagboom
|
0-0: Ball 1-0: Called Strike 1-1: Foul Ball, location: 2F 1-2: Strikes out swinging
|
Batting: LHB Yasuhiko Onodera
|
0-0: Ball Luis Manuel López steals 2nd base 1-0: Ground out 1-3 (Groundball, P)
|
Top of the 4th over - 0 runs, 1 hit, 0 errors, 1 left on base; Portland 3 - Detroit 2 |
BOTTOM OF THE 4TH |
Detroit X-Wings batting - Pitching for Portland Privateers : LHP Pedro Santana
|
Batting: SHB Felipe Detorres
|
0-0: Foul Ball, location: 2F 0-1: Fly out, F9 (Flyball, 9)
|
Batting: RHB Brad Ravenshaw
|
0-0: Ball 1-0: Foul Ball, location: 2F 1-1: SINGLE (Groundball, 56) (infield hit)
|
Batting: RHB Daniel Riddle
|
0-0: Ball 1-0: Swinging Strike 1-1: Ball 2-1: Foul Ball, location: 2F 2-2: Strikes out swinging
|
Pitching: RHP Sean Flynn
|
|
Batting: RHB José Pérez
|
0-0: Ball 1-0: Fielders Choice at 2nd, 6-4 (Groundball, 6)
|
Bottom of the 4th over - 0 runs, 1 hit, 0 errors, 1 left on base; Portland 3 - Detroit 2 |
TOP OF THE 5TH |
Portland Privateers batting - Pitching for Detroit X-Wings : LHP Ernest Hutchinson
|
Batting: SHB Jacob Knapp
|
0-0: SINGLE (Line Drive, 8LS)
|
Batting: RHB José Balina
|
0-0: Ball 1-0: Called Strike 1-1: Called Strike 1-2: Ball 2-2: Ball 3-2: Foul Ball, location: 2F 3-2: Base on Balls Jacob Knapp to second
|
Batting: LHB Dillon Beck
|
0-0: Ball 1-0: DOUBLE (Line Drive, 8RXD) Jacob Knapp scores José Balina to third
|
Batting: SHB Patrick Larson
|
0-0: Ball 1-0: Fly out, F8 (Flyball, 8RS)
|
Batting: SHB Rodney Birling
|
0-0: Foul Ball, location: 2F 0-1: Ball 1-1: Swinging Strike 1-2: Ball 2-2: Ball 3-2: Foul Ball, location: 2F 3-2: Strikes out swinging
|
Batting: LHB Jeff Dorney
|
0-0: Swinging Strike 0-1: Ground out 6-3 (Groundball, 6)
|
Top of the 5th over - 1 run, 2 hits, 0 errors, 2 left on base; Portland 4 - Detroit 2 |
BOTTOM OF THE 5TH |
Detroit X-Wings batting - Pitching for Portland Privateers : RHP Sean Flynn
|
Batting: SHB Brian Price
|
0-0: Ball 1-0: Foul Ball, location: 2F 1-1: Foul Ball, location: 2F 1-2: Foul Ball, location: 2F 1-2: SINGLE (Line Drive, 4MD)
|
Batting: RHB Griswold Coleman
|
0-0: Ball 1-0: Ball 2-0: Grounds into double play, 5-4-3 (Groundball, 5)
|
Batting: SHB Barrett Bowden
|
0-0: Called Strike 0-1: Ball 1-1: Foul Ball, location: 2F 1-2: Strikes out looking
|
Bottom of the 5th over - 0 runs, 1 hit, 0 errors, 0 left on base; Portland 4 - Detroit 2 |
TOP OF THE 6TH |
Portland Privateers batting - Pitching for Detroit X-Wings : LHP Ernest Hutchinson
|
Pitching: LHP Clarence Skerratt
|
|
Batting: SHB Luis Manuel López
|
0-0: Ball 1-0: Called Strike 1-1: SINGLE (Line Drive, 56D)
|
Batting: RHB Dick Slagboom
|
0-0: Ball 1-0: Ball 2-0: Ball 3-0: Called Strike 3-1: Base on Balls Luis Manuel López to second
|
Batting: LHB Yasuhiko Onodera
|
0-0: SINGLE (Flyball, 8RS) Luis Manuel López to third Dick Slagboom to second
|
Batting: SHB Jacob Knapp
|
0-0: Called Strike 0-1: Ball 1-1: DOUBLE (Line Drive, 7D) Luis Manuel López scores Dick Slagboom scores Yasuhiko Onodera to third
|
Batting: RHB José Balina
|
0-0: Intentional Walk
|
Pitching: LHP Richard Dorris
|
|
Batting: LHB Dillon Beck
|
0-0: Fly out, F7 (Flyball, 78S) Runner from 3rd tags up, SCORES, no throw
|
Batting: SHB Patrick Larson
|
0-0: Ball 1-0: Ball 2-0: Called Strike 2-1: Fly out, F3 (Popup, 34S)
|
Batting: SHB Rodney Birling
|
0-0: DOUBLE (Flyball, 8RXD) Jacob Knapp scores José Balina to third Runner from 3rd tries for Home, SAFE, no throw
|
Batting: LHB Jeff Dorney
|
0-0: Called Strike 0-1: Called Strike 0-2: Foul Ball, location: 2F 0-2: Ball 1-2: Strikes out swinging
|
Top of the 6th over - 5 runs, 4 hits, 0 errors, 1 left on base; Portland 9 - Detroit 2 |
BOTTOM OF THE 6TH |
Detroit X-Wings batting - Pitching for Portland Privateers : RHP Sean Flynn
|
Batting: LHB Juan Jose Pineda
|
0-0: Ball 1-0: SINGLE (Groundball, 4D)
|
Batting: RHB Raúl Flores
|
0-0: Called Strike 0-1: Ball 1-1: Foul Ball, location: 2F 1-2: Foul Ball, location: 2F 1-2: SINGLE (Groundball, 34D) Juan Jose Pineda to second Runner from 2nd tries for 3rd, SAFE, throw made to third
|
Batting: SHB Felipe Detorres
|
0-0: Ball Raúl Flores steals 2nd base 1-0: Swinging Strike 1-1: Foul Ball, location: 2F 1-2: Foul Ball, location: 2F 1-2: Foul Ball, location: 2F 1-2: Ball 2-2: Strikes out looking
|
Batting: RHB Brad Ravenshaw
|
0-0: Ball 1-0: Fly out, F7 (Flyball, 7LSF) Runner from 3rd tags up, SCORES, no throw
|
Batting: RHB Daniel Riddle
|
0-0: Called Strike 0-1: SINGLE (Groundball, 56D) Raúl Flores to third Runner from 3rd tries for Home, SAFE, no throw
|
Batting: RHB José Pérez
|
0-0: Swinging Strike 0-1: Fly out, F6 (Line Drive, 6)
|
Bottom of the 6th over - 2 runs, 3 hits, 0 errors, 1 left on base; Portland 9 - Detroit 4 |
TOP OF THE 7TH |
Portland Privateers batting - Pitching for Detroit X-Wings : LHP Richard Dorris
|
Batting: SHB Luis Manuel López
|
0-0: Called Strike 0-1: Ball 1-1: Swinging Strike 1-2: Ball 2-2: Fly out, F8 (Flyball, 8RD)
|
Batting: RHB Dick Slagboom
|
0-0: Foul Ball, location: 2F 0-1: Foul Ball, location: 2F 0-2: Ball 1-2: Ball 2-2: Ball 3-2: SINGLE (Line Drive, 8LS)
|
Batting: LHB Yasuhiko Onodera
|
0-0: Ball 1-0: Called Strike 1-1: Ball 2-1: Ball 3-1: Called Strike 3-2: SINGLE (Flyball, 78M) Dick Slagboom to second
|
Batting: SHB Jacob Knapp
|
0-0: Called Strike 0-1: Ball 1-1: Foul Ball, location: 2F 1-2: Ball 2-2: Ball 3-2: Foul Ball, location: 2F 3-2: Foul Ball, location: 2F 3-2: Foul Ball, location: 2F 3-2: Foul Ball, location: 2F 3-2: Base on Balls Dick Slagboom to third Yasuhiko Onodera to second
|
Batting: RHB José Balina
|
0-0: Ball 1-0: Ball 2-0: Called Strike 2-1: Ball 3-1: Foul Ball, location: 2F 3-2: Strikes out looking
|
Batting: LHB Dillon Beck
|
0-0: Fly out, F8 (Flyball, 8RD)
|
Top of the 7th over - 0 runs, 2 hits, 0 errors, 3 left on base; Portland 9 - Detroit 4 |
BOTTOM OF THE 7TH |
Detroit X-Wings batting - Pitching for Portland Privateers : RHP Sean Flynn
|
Batting: SHB Brian Price
|
0-0: SINGLE (Groundball, 4MD)
|
Batting: RHB Griswold Coleman
|
0-0: Foul Ball, location: 2F 0-1: Swinging Strike 0-2: Ball 1-2: Ball 2-2: SINGLE (Flyball, 78S) Brian Price to second
|
Batting: SHB Barrett Bowden
|
0-0: Ball 1-0: Called Strike 1-1: SINGLE (Flyball, 8LM) Brian Price to third Griswold Coleman to second
|
Batting: LHB Juan Jose Pineda
|
0-0: Ball 1-0: Called Strike 1-1: Swinging Strike 1-2: Ball 2-2: Ball 3-2: Strikes out looking
|
Batting: RHB Raúl Flores
|
0-0: Fly out, F4 (Popup, 4)
|
Batting: SHB Felipe Detorres
|
0-0: Ball 1-0: Ground out U3 (Groundball, 34)
|
Bottom of the 7th over - 0 runs, 3 hits, 0 errors, 3 left on base; Portland 9 - Detroit 4 |
TOP OF THE 8TH |
Portland Privateers batting - Pitching for Detroit X-Wings : LHP Richard Dorris
|
Batting: SHB Patrick Larson
|
0-0: Called Strike 0-1: Hit by Pitch
|
Batting: SHB Rodney Birling
|
0-0: Fly out, F8 (Flyball, 89S)
|
Batting: LHB Jeff Dorney
|
0-0: Ball 1-0: Foul Ball, location: 2F 1-1: Grounds into double play, 4-6-3 (Groundball, 34)
|
Top of the 8th over - 0 runs, 0 hits, 0 errors, 0 left on base; Portland 9 - Detroit 4 |
BOTTOM OF THE 8TH |
Detroit X-Wings batting - Pitching for Portland Privateers : RHP Sean Flynn
|
Batting: RHB Brad Ravenshaw
|
0-0: Ball 1-0: Ball 2-0: Called Strike 2-1: Ball 3-1: Swinging Strike 3-2: Base on Balls
|
Pitching: RHP Neal Dillard
|
|
Batting: RHB Daniel Riddle
|
0-0: Ball 1-0: Ball 2-0: Swinging Strike 2-1: Foul Ball, location: 2F 2-2: Ball 3-2: Base on Balls Brad Ravenshaw to second
|
Pitching: RHP Dennis Grange
|
|
Batting: RHB José Pérez
|
0-0: Fly out, F8 (Flyball, 89D) Runner from 2nd tags up, SAFE at 3rd, no throw
|
Batting: SHB Brian Price
|
0-0: Grounds into double play, 4-6-3 (Groundball, 4)
|
Bottom of the 8th over - 0 runs, 0 hits, 0 errors, 1 left on base; Portland 9 - Detroit 4 |
TOP OF THE 9TH |
Portland Privateers batting - Pitching for Detroit X-Wings : LHP Richard Dorris
|
Pitching: RHP Raymond Gibbons
|
|
Batting: SHB Luis Manuel López
|
0-0: Called Strike 0-1: Ball 1-1: Called Strike 1-2: Foul Ball, location: 2F 1-2: Ball 2-2: Strikes out swinging
|
Batting: RHB Dick Slagboom
|
0-0: Foul Ball, location: 2F 0-1: Ball 1-1: Ball 2-1: SOLO HOME RUN (Flyball, 7LD), Distance : 368 ft
|
Batting: LHB Yasuhiko Onodera
|
0-0: Called Strike 0-1: Ball 1-1: Foul Ball, location: 2F 1-2: Strikes out looking
|
Batting: SHB Jacob Knapp
|
0-0: Ball 1-0: Ball 2-0: Called Strike 2-1: Called Strike 2-2: Ball 3-2: Strikes out swinging
|
Top of the 9th over - 1 run, 1 hit, 0 errors, 0 left on base; Portland 10 - Detroit 4 |
BOTTOM OF THE 9TH |
Detroit X-Wings batting - Pitching for Portland Privateers : RHP Dennis Grange
|
Batting: RHB Griswold Coleman
|
0-0: Called Strike 0-1: Ball 1-1: Ball 2-1: Foul Ball, location: 2F 2-2: Strikes out swinging
|
Batting: SHB Barrett Bowden
|
0-0: Ball 1-0: Ball 2-0: Called Strike 2-1: SINGLE (Groundball, 34) (infield hit)
|
Batting: LHB Juan Jose Pineda
|
0-0: Called Strike 0-1: Ball 1-1: Ball 2-1: Ball 3-1: Base on Balls Barrett Bowden to second
|
Batting: RHB Raúl Flores
|
0-0: Called Strike 0-1: Ball 1-1: Swinging Strike 1-2: Ball 2-2: Ball 3-2: Strikes out swinging
|
Batting: SHB Felipe Detorres
|
0-0: Swinging Strike 0-1: Foul Ball, location: 2F 0-2: Strikes out swinging
|
Bottom of the 9th over - 0 runs, 1 hit, 0 errors, 2 left on base; Portland 10 - Detroit 4 |
|